 Dungeon Crawl Stone Soup version 0.21-a0-110-g8e1637b (webtiles) character file.

113 meatball the Slasher (level 4, -9/35 HPs)
             Began as a Demonspawn Gladiator on July 9, 2017.
             Killed by divine providence
             ... invoked by an orc priest
              (12 damage)
             ... on level 3 of the Dungeon.
             The game lasted 00:08:25 (2197 turns).

meatball the Slasher (Demonspawn Gladiator)         Turns: 2197, Time: 00:08:26

Health: -9/35      AC:  3    Str: 14    XL:     4   Next: 65%
Magic:  4/4        EV: 13    Int: 10    God:
Gold:   89         SH:  0    Dex: 15    Spells: 3/3 levels left

rFire    . . .     SeeInvis .   a - +0 long sword
rCold    . . .     Gourm    .   (no shield)
rNeg     . . .     Faith    .   b - +0 leather armour
rPois    .         Spirit   .   (helmet restricted)
rElec    .         Reflect  .   (no cloak)
rCorr    .         Harm     .   (no gloves)
MR       .....                  (no boots)
Stlth    +.........             (no amulet)
HPRegen  0.11/turn              (no ring)
MPRegen  0.09/turn              (no ring)

@: no status effects
A: antennae 2
a: no special abilities


You were on level 3 of the Dungeon.
You were not hungry.

You visited 1 branch of the dungeon, and saw 3 of its levels.

You collected 89 gold pieces.

Inventory:

Hand Weapons
 a - a +0 long sword (weapon)
Missiles
 d - 3 throwing nets (quivered)
Armour
 b - a +0 leather armour (worn)
 o - a +3 leather armour
Scrolls
 e - 2 scrolls of recharging
 g - a scroll of immolation {unknown}
 i - a scroll of random uselessness {unknown}
 l - a scroll of magic mapping {unknown}
 n - 2 scrolls of remove curse {unknown}
 p - 2 scrolls of blinking {unknown}
 q - a scroll of identify {unknown}
 s - a scroll of fear {unknown}
 u - a scroll of fog {unknown}
Potions
 j - a potion of magic {unknown}
 k - a potion of curing
 r - a potion of flight {unknown}
 t - a potion of degeneration {unknown}
Comestibles
 f - 2 bread rations
 h - 2 chunks of flesh
 m - a royal jelly
 v - 3 fruits
 w - a meat ration


   Skills:
 + Level 3.1 Fighting
 * Level 3.6 Long Blades
 - Level 2.0 Throwing
 + Level 3.5 Dodging


You had 3 spell levels left.
You didn't know any spells.

Dungeon Overview and Level Annotations

Branches:
Dungeon (3/15)

Altars:
Elyvilon
Zin


Innate Abilities, Weirdness & Mutations

You have a pair of antennae on your head.


Message History

The orc priest hits you.
* * * LOW HITPOINT WARNING * * *
You barely miss the orc. You barely miss the orc. The orc hits you with a club.
* * * LOW HITPOINT WARNING * * *
You hit the orc.
The orc is heavily wounded.
The orc hits you with a club.
* * * LOW HITPOINT WARNING * * *
It was a potion of heal wounds.
You feel much better.
The orc priest mumbles some strange prayers to Beogh against you.
You barely resist. The orc hits you with a club.
The orc priest mumbles some strange prayers to Beogh against you.
Pain shoots through your body!
The orc priest calls down the wrath of Beogh upon you.
Beogh smites you!
* * * LOW HITPOINT WARNING * * *
The orc priest mumbles some strange prayers to Beogh against you.
Beogh smites you!
You die...

##..#.##..# #.#
##........# #.#########
....#.###.#
######.....$...
##.##.###.####.......##..#
#................o{.....#
#.##.########......####.#
#.##.########...oo## #
#.##..........[...# #.
##########.#@###
#.#.######
#.########...<......
#......†.....#######
##############


You could see an orc priest and 2 orcs.

Vanquished Creatures
  A hound (D:2)
  Jessica (D:2)
  An adder (D:2)
  2 worms (D:2)
  A dart slug (D:2)
  2 leopard geckos
  2 giant cockroaches (D:2)
  3 hobgoblins (D:1)
  5 kobolds
  8 bats
  5 frilled lizards
  6 goblins
  5 rats
42 creatures vanquished.

Notes
Turn   | Place    | Note
-------+----------+-------------------------------------------
     0 | D:1      | meatball the Demonspawn Gladiator began the quest for the Orb.
     0 | D:1      | Reached XP level 1. HP: 16/16 MP: 1/1
   218 | D:1      | Gained mutation: You have a pair of small antennae on your head. [demonic ancestry]
   218 | D:1      | Reached XP level 2. HP: 8/22 MP: 2/2
   674 | D:1      | You fall through a shaft!
   730 | D:2      | Found a glowing silver altar of Zin.
   832 | D:2      | Noticed Jessica
   833 | D:2      | Gained mutation: You have a pair of antennae on your head. [demonic ancestry]
   833 | D:2      | Reached XP level 3. HP: 28/28 MP: 3/3
   839 | D:2      | Killed Jessica
  1138 | D:2      | Found a white marble altar of Elyvilon.
  1309 | D:2      | Reached XP level 4. HP: 34/34 MP: 4/4
  2197 | D:3      | Killed from afar by an orc priest

Vault maps used:
D:1:      sevenhm_arrival_forest_fort_small_4
D:2:      marbit_many_paths, lemuel_coloured_pillars_altar, grunt_ministairs_7,
          uniq_jessica
D:3:      overflow_temple_1_default, nicolae_overflow_hidden_temple,
          lemuel_crystal_altar, nemelex_xobeh_ov_fountains_minmay, first_bread

Skill      XL: |  1  2  3  4 |
---------------+-------------+-----
Throwing       | 2 |  2.0
Dodging        | 3 |  3.5
Long Blades    | 3 |  3.6
Fighting       | 3 |  3.1

Action                   |  1- 3 |  4- 6 || total
-------------------------+-------+-------++-------
Melee: Long sword        |    80 |    48 ||   128
  Use: Scroll            |     1 |       ||     1
       Potion            |       |     2 ||     2
 Stab: Sleeping          |       |     1 ||     1
  Eat: Chunk             |     1 |     3 ||     4
Armor: Leather armour    |    17 |     5 ||    22
Dodge: Dodged            |    65 |    29 ||    94
       Rpst.: Long sword |    22 |    10 ||    32
